AoeStats
← Chigüiro

Arena

509266843Analyzed
4v4 RM · 6d ago on Sep 26, 2026· 47m 50s· 8 players
Game mode
Random Map
Map size
Large (8 player)
Population
200
Speed
Normal
Resources
Standard
Victory
Conquest
Starting age
Dark Age
Ending age
Imperial Age
RankedLock teamsTeams togetherTeam positionsShared explorationLock speedFull tech treeHidden civsTurbo modeCheats
Victory
Defeat
🇨🇳 Saxons · China
1695
+20
🇺🇸 Persians · United States
1693
+21
🇨🇳 Teutons · China
1677
+21
🇨🇴 Bulgarians · Colombia
1566
+25
🇵🇪 Britons · Peru
1820
-23
🇨🇦 Cumans · Canada
1783
-22
🇧🇷 Franks · Brazil
1779
-21
🇧🇷 Persians · Brazil
1778
-21
KSGabriel
8:32 Feudal Age
9:14 Double-Bit Axe
9:14 Horse Collar
17:00 Castle Age
16:06 Scale Barding Armor
16:47 Bloodlines
16:36 Gold Mining
18:47 Bow Saw
22:38 Loom
23:31 Wheelbarrow
30:36 Imperial Age
28:57 Heavy Plow
30:58 Chain Barding Armor
30:48 Forging
31:52 Plate Barding Armor
32:03 Conscription
31:04 Light Cavalry
31:17 Heavy Camel Rider
32:41 Hand Cart
32:39 Stone Mining
33:27 Iron Casting
36:11 Blast Furnace
35:42 Husbandry
36:51 Fletching
37:14 Masonry
37:32 Town Watch
37:13 Hussar
39:23 Chemistry
38:50 Citadels
39:24 Bodkin Arrow
40:10 Ballistics
41:37 Padded Archer Armor
41:02 Elite War Elephant
42:50 Gold Shaft Mining
43:20 Architecture
43:32 Leather Archer Armor
44:15 Devotion
47:38 Two-Man Saw
mongo
10:48 Feudal Age
11:12 Loom
15:36 Castle Age
13:51 Double-Bit Axe
30:34 Horse Collar
31:52 Wheelbarrow
32:55 Bow Saw
35:16 Hand Cart
37:59 Imperial Age
36:02 Town Watch
36:28 Gold Mining
37:03 Squires
37:34 Gambesons
37:34 Arson
38:27 Gold Shaft Mining
37:43 Stone Mining
38:45 Scale Mail Armor
38:48 Heavy Plow
39:54 Chain Mail Armor
39:49 Forging
40:10 Forging
41:02 Plate Mail Armor
41:09 Iron Casting
41:12 Elite Varangian Guard
44:54 Pikeman
45:47 Halberdier
赢了就睡觉
8:23 Feudal Age
7:52 Loom
8:34 Loom
9:07 Double-Bit Axe
9:55 Horse Collar
14:29 Wheelbarrow
15:11 Fletching
21:46 Castle Age
22:52 Bow Saw
26:52 Imperial Age
24:40 Pikeman
25:22 Scale Mail Armor
26:28 Bodkin Arrow
27:48 Forging
27:35 Town Watch
33:47 Hand Cart
34:07 Squires
37:11 Heavy Plow
38:13 Two-Man Saw
38:21 Conscription
38:57 Chain Mail Armor
39:18 Iron Casting
40:24 Plate Mail Armor
40:22 Halberdier
40:24 Capped Ram
41:28 Crenellations
43:20 Blast Furnace
42:43 Elite Teutonic Knight
44:11 Gold Mining
44:11 Stone Mining
46:48 Chemistry
46:08 Ballistics
46:51 Chemistry
47:17 Guard Tower
47:33 Siege Engineers
48:48 Hoardings
Chigüiro
10:40 Feudal Age
14:47 Castle Age
13:28 Double-Bit Axe
14:01 Horse Collar
15:04 Forging
19:32 Loom
20:12 Arson
21:37 Bow Saw
23:40 Scale Barding Armor
24:02 Light Cavalry
24:52 Bloodlines
30:40 Imperial Age
28:13 Husbandry
28:57 Ballistics
28:51 Gold Mining
30:25 Chain Barding Armor
31:57 Iron Casting
32:03 Gold Shaft Mining
31:58 Heavy Scorpion
33:47 Wheelbarrow
34:25 Chemistry
33:28 Hussar
34:07 Capped Ram
36:05 Plate Barding Armor
38:39 Blast Furnace
38:28 Siege Engineers
40:13 Conscription
44:56 Fletching
47:48 Bagains
Fs.BlinkAoE
8:46 Feudal Age
9:03 Loom
10:48 Fletching
23:39 Horse Collar
25:06 Double-Bit Axe
28:35 Wheelbarrow
31:58 Castle Age
30:07 Town Watch
30:59 Gold Mining
31:00 Stone Mining
31:24 Scale Barding Armor
31:30 Forging
32:21 Bloodlines
34:06 Hand Cart
34:20 Chain Barding Armor
35:10 Bodkin Arrow
37:36 Iron Casting
40:17 Imperial Age
38:13 Scale Mail Armor
38:07 Pikeman
38:50 Squires
39:04 Capped Ram
41:09 Chain Mail Armor
40:24 Halberdier
42:05 Blast Furnace
41:04 Siege Ram
43:23 Light Cavalry
44:35 Plate Mail Armor
44:41 Plate Barding Armor
46:15 Man-at-Arms
Fs.Diablo
10:28 Feudal Age
14:10 Castle Age
12:52 Double-Bit Axe
15:02 Scale Barding Armor
16:51 Wheelbarrow
17:47 Gold Mining
24:18 Hand Cart
25:19 Gold Shaft Mining
26:01 Chain Barding Armor
28:06 Husbandry
28:18 Forging
29:44 Iron Casting
30:41 Loom
34:19 Imperial Age
31:38 Town Watch
33:35 Squires
32:56 Pikeman
33:38 Scale Mail Armor
33:56 Stone Mining
34:22 Gambesons
34:32 Halberdier
35:29 Chain Mail Armor
36:54 Plate Mail Armor
37:24 Blast Furnace
36:04 Cavalier
36:47 Capped Ram
38:35 Chemistry
38:12 Bow Saw
40:05 Conscription
41:54 Caravan
43:31 Plate Barding Armor
42:43 Arson
45:22 Coinage
noru
8:59 Feudal Age
9:22 Loom
9:24 Man-at-Arms
10:55 Loom
15:02 Double-Bit Axe
22:57 Castle Age
21:22 Horse Collar
25:01 Wheelbarrow
25:38 Bow Saw
26:24 Gold Mining
27:50 Fletching
30:45 Town Watch
31:28 Hand Cart
33:32 Gold Shaft Mining
33:57 Crossbowman
35:37 Ballistics
36:29 Bodkin Arrow
40:11 Imperial Age
40:55 Bracer
40:44 Arbalester
43:20 Two-Man Saw
42:20 Heavy Plow
42:47 Caravan
43:01 Padded Archer Armor
44:04 Chemistry
Fs.Nx Imperial
9:38 Feudal Age
13:36 Castle Age
12:35 Double-Bit Axe
12:33 Horse Collar
18:59 Fletching
20:55 Bodkin Arrow
23:48 Ballistics
24:08 Bloodlines
23:59 Husbandry
26:19 Light Cavalry
27:34 Bow Saw
28:24 Forging
33:17 Imperial Age
30:43 Gold Mining
31:52 Wheelbarrow
31:03 Loom
31:45 Heavy Plow
32:26 Parthian Tactics
32:12 Padded Archer Armor
33:25 Thumb Ring
33:53 Leather Archer Armor
34:50 Chemistry
33:16 Cavalier
34:59 Iron Casting
34:50 Scale Barding Armor
36:26 Gold Shaft Mining
37:11 Chain Barding Armor
38:08 Hand Cart
38:56 Blast Furnace
38:59 Plate Barding Armor
38:29 Savar
46:42 Hussar
Connection lost

Rejoining the realm…

Still unreachable

The connection could not be restored.

Session expired

The server has moved on; the page needs a fresh start.